 Dungeon Crawl Stone Soup version 0.19.1-1-g22dce08 (webtiles) character file.

152 ponk the Covert (level 5, 0/38 HPs)
             Began as a Vampire Assassin on Jan 11, 2017.
             Was a Follower of Dithmenos.
             Slain by an orc
             ... wielding a +0 falchion
              (7 damage)
             ... on level 4 of the Dungeon.
             The game lasted 00:10:01 (2765 turns).

ponk the Covert (Vampire Assassin)                  Turns: 2765, Time: 00:10:02

Health: 0/38       AC:  4    Str: 10    XL:     5   Next: 11%
Magic:  5/5        EV: 12    Int: 14    God:    Dithmenos [*.....]
Gold:   88         SH:  0    Dex: 16    Spells: 0 memorised, 4 levels left

rFire  . . .     SeeInvis +     a - +2 dagger
rCold  . . .     Gourm    .     o - +0 robe (curse)
rNeg   + . .     Faith    .     (no shield)
rPois  .         Spirit   .     (no helmet)
rElec  .         Reflect  .     d - +1 cloak
rCorr  .         Harm     +     (no gloves)
MR     .....                    (no boots)
Stlth  +++++.....               j - amulet of harm
                                (no ring)
                                (no ring)

@: wreathed by umbra
A: fangs 3, see invisible, unbreathing
a: Bat Form, Renounce Religion


You were on level 4 of the Dungeon.
You worshipped Dithmenos.
Dithmenos was aware of your devotion.
You were not thirsty.

You visited 1 branch of the dungeon, and saw 4 of its levels.

You collected 88 gold pieces.

Inventory:

Hand Weapons
 a - a +2 dagger (weapon)
 b - a +0 blowgun
 i - a +1 dagger of speed
Missiles
 e - 8 poisoned needles
 f - 2 curare-tipped needles
 m - 2 tomahawks (quivered)
Armour
 c - a +0 robe
 d - a +1 cloak (worn)
 o - a cursed +0 robe (worn)
Jewellery
 j - an amulet of harm (around neck)
Scrolls
 h - a scroll of enchant armour
 k - a scroll of identify
Potions
 g - 7 potions of blood
 l - a potion of ambrosia {unknown}
 p - a potion of might {unknown}


   Skills:
 - Level 1.9 Fighting
 - Level 2.1 Short Blades
 - Level 1.5 Throwing
 - Level 1.1 Dodging
 + Level 9.7 Stealth


You had 4 spell levels left.
You didn't know any spells.

Dungeon Overview and Level Annotations

Branches:
Dungeon (4/15)
 Temple: D:4-7

Altars:
Cheibriados
Dithmenos
Okawaru
Sif Muna
Vehumet
Zin

Annotations:
D:4 Robin


Innate Abilities, Weirdness & Mutations

You have razor-sharp teeth.
You have supernaturally acute eyesight. (SInv)
You can survive without breathing.


Message History

The gnoll misses you. The gnoll closely misses you.
Things that are here:
a whip; a stone You barely miss the gnoll.
The gnoll closely misses you. The gnoll hits you with a club.
The orc hits you with a falchion.
You hit the gnoll. You bite the gnoll, but do no damage.
The gnoll is lightly wounded.
The gnoll hits you! The gnoll barely misses you.
The orc hits you with a falchion.
You hit the gnoll but do no damage.
The gnoll is lightly wounded.
The gnoll closely misses you. The gnoll hits you but does no damage.
You hit the gnoll.
The gnoll is lightly wounded.
The orc barely misses you. The gnoll hits you. The gnoll hits you with a club.
* * * LOW HITPOINT WARNING * * *
You hit the gnoll but do no damage.
The gnoll is lightly wounded.
The orc hits you with a falchion.
You die...

... [.. #.#
#.# #o# #o#
#o# #o#
#######@##g#
..>...gg..#
##########.#
#


You could see an orc wizard (invisible), 2 gnolls and 3 orcs.

Vanquished Creatures
  A hound zombie (D:3)
  5 adders
  A gnoll (D:4)
  An ooze (D:2)
  2 worms
  3 dart slugs
  An orc (D:3)
  3 giant cockroaches
  7 goblins
  6 hobgoblins
  6 jackals (D:1)
  10 kobolds
  A quokka (D:2)
  2 ball pythons
  9 bats
  3 frilled lizards (D:2)
  6 rats
67 creatures vanquished.

Notes
Turn   | Place    | Note
-------+----------+-------------------------------------------
     0 | D:1      | ponk the Vampire Assassin began the quest for the Orb.
     0 | D:1      | Reached XP level 1. HP: 16/16 MP: 1/1
   136 | D:1      | Reached skill level 6 in Stealth
   461 | D:1      | Reached XP level 2. HP: 22/22 MP: 2/2
   668 | D:1      | Reached skill level 7 in Stealth
   998 | D:2      | Reached XP level 3. HP: 27/27 MP: 3/3
  1192 | D:2      | Found a shadowy altar of Dithmenos.
  1192 | D:2      | Found a deep blue altar of Sif Muna.
  1194 | D:2      | Found an iron altar of Okawaru.
  1198 | D:2      | Reached skill level 8 in Stealth
  1201 | D:2      | Became a worshipper of Dithmenos the Shadowed
  1224 | D:2      | Found a glowing silver altar of Zin.
  1490 | D:2      | Reached XP level 4. HP: 33/33 MP: 4/4
  1535 | D:2      | Found a radiant altar of Vehumet.
  1538 | D:2      | Found a snail-covered altar of Cheibriados.
  1954 | D:3      | Reached * piety under Dithmenos
  1954 | D:3      | Reached skill level 9 in Stealth
  2568 | D:3      | Reached XP level 5. HP: 38/38 MP: 5/5
  2743 | D:4      | Noticed Robin
  2765 | D:4      | Slain by an orc

Skill      XL: |  1  2  3  4 |
---------------+-------------+-----
Stealth        | 6 7 8 9 |  9.7
Fighting       | |  1.9
Short Blades   | |  2.1
Throwing       | |  1.5
Dodging        | |  1.1

Action                   |  1- 3 |  4- 6 || total
-------------------------+-------+-------++-------
Melee: Dagger            |    99 |    81 ||   180
       Bite              |     8 |     7 ||    15
  Use: Scroll            |     1 |     4 ||     5
 Stab: Sleeping          |    11 |    11 ||    22
  Eat: Corpse            |    14 |     2 ||    16
Armor: Robe              |    17 |    21 ||    38
Dodge: Dodged            |    53 |    61 ||   114
